 Dungeon Crawl Stone Soup version 0.18-a0-1570-gf60b0ab (webtiles) character file.

119 Ratboiler the Chopper (level 5, -1/28 HPs)
             Began as a Vine Stalker Wanderer on Mar 14, 2016.
             Slain by an orc
             ... wielding a +0 short sword
              (4 damage)
             ... on level 3 of the Dungeon.
             The game lasted 00:04:10 (1229 turns).

Ratboiler the Chopper (Vine Stalker Wanderer)       Turns: 1229, Time: 00:04:10

Health: -1/28      AC:  3    Str: 15    XL:     5   Next: 3%
Magic:  0/6        EV: 11    Int: 10    God:
Gold:   116        SH:  0    Dex: 16    Spells: 0 memorised, 4 levels left

rFire  . . .     SeeInvis .     a - +2 dagger
rCold  . . .     Gourm    .     e - +0 robe
rNeg   . . .     Faith    .     (no shield)
rPois  .         Spirit   +     (no helmet)
rElec  .         Dismiss  .     (no cloak)
rCorr  .         Reflect  .     p - +0 pair of gloves
SustAt .         Harm     .     (no boots)
MR     .....                    (no amulet)
Stlth  ++........               (no ring)
                                m - ring of loudness (curse)

@: not resistant to hostile enchantments, unstealthy
A: fangs 2, regeneration 1, magic shield, antimagic bite, no device heal 3, rot
immunity
a: no special abilities


You were on level 3 of the Dungeon.
You were not hungry.

You visited 1 branch of the dungeon, and saw 4 of its levels.

You collected 116 gold pieces.

Inventory:

Hand Weapons
 a - a +2 dagger (weapon)
 c - a +0 hand axe
 d - a +0 spear
Armour
 e - a +0 robe (worn)
 p - a +0 pair of gloves (worn)
Jewellery
 m - a cursed ring of loudness (left hand)
Scrolls
 g - a scroll of remove curse {unknown}
 h - a scroll of enchant armour {unknown}
 i - 5 scrolls of identify {unknown}
 k - a scroll of magic mapping {unknown}
 r - a scroll of random uselessness {unknown}
 s - 2 scrolls of recharging {unknown}
 w - a scroll of teleportation {unknown}
Potions
 b - a potion of berserk rage
 j - a potion of mutation {unknown}
 t - a potion of degeneration {unknown}
 u - 2 potions of curing {unknown}
 v - a potion of agility {unknown}
Comestibles
 f - 2 bread rations
 l - 2 meat rations
 n - 2 beef jerkies
 o - a slice of pizza
 q - a royal jelly
 x - a chunk of flesh


   Skills:
 - Level 3.6 Fighting
 + Level 4.0 Axes
 - Level 2.4 Armour
 - Level 3.6 Stealth


You had 4 spell levels left.
You didn't know any spells.

Dungeon Overview and Level Annotations

Branches:
Dungeon (4/15)
 Temple: D:4-7

Altars:
Fedhas
Qazlal
Ru
The Shining One


Innate Abilities, Weirdness & Mutations

You have extremely sharp teeth.
Your natural rate of healing is unusually fast.
When hurt, damage is shared between your health and your magic reserves.
Your bite disrupts and absorbs the magic of your enemies.
Potions and wands cannot restore your health.
You are immune to rotting.


Message History

The orc hits you but does no damage.
You hit the orc but do no damage. Your bite misses the orc.
The orc is moderately wounded.
The orc closely misses you.
You hit the orc. Your bite misses the orc.
The orc is heavily wounded.
The orc hits you with a short sword.
* * * LOW HITPOINT WARNING * * *
You barely miss the orc. You bite the orc. You drain its power.
You feel invigorated.
The orc is heavily wounded.
The orc hits you with a short sword.
* * * LOW HITPOINT WARNING * * *
You hit the orc but do no damage. You bite the orc, but do no damage.
The orc is heavily wounded.
The orc barely misses you.
You hit the orc. You bite the orc, but do no damage.
The orc is almost dead.
The orc hits you with a short sword.
You die...

#...#.# #..##.......#####..###.#
.#..w#(###..####..##.# #..# #.#
..................##.# #..###.#
......(.....##.#..##.# #.......
..................##.# #..###.#
o....##..#..##.#####.# #..# #.#
.#...##.....##.###.#######..###.#
.#..........##.#≈._###...........
....b..........o@..8#.......###.#
.#..###.##..##(#≈._###.###.####.#
...............###.##............
...........>..(.# ###...........#
#......######..# #..###.####.#
#.......)..##..# #..# #.# #.#
##.###.###o##..# #..###.####.# #
#.# #.##..# #............ #.#
#.##..# ##.....####.#


You could see an orc.

Vanquished Creatures
  A crimson imp (D:3)
  A hound (D:3)
  An adder (D:3)
  An ooze (D:1)
  A worm (D:2)
  A giant gecko (D:1)
  2 orcs (D:3)
  3 bats
  3 giant cockroaches (D:1)
  9 goblins
  3 hobgoblins (D:1)
  2 jackals (D:4)
  A kobold (D:2)
  A ball python (D:1)
  3 giant newts
  4 rats
37 creatures vanquished.

Notes
Turn   | Place    | Note
--------------------------------------------------------------
     0 | D:1      | Ratboiler the Vine Stalker Wanderer began the quest for the Orb.
     0 | D:1      | Ratboiler set off with: a +2 dagger, a potion of berserk rage, a +0 hand axe, a +0 spear, a +0 robe, a bread ration
     0 | D:1      | Reached XP level 1. HP: 12/12 MP: 2/2
    73 | D:1      | Reached skill level 1 in Axes
   103 | D:1      | Reached XP level 2. HP: 16/16 MP: 3/3
   177 | D:1      | Reached skill level 2 in Axes
   253 | D:1      | Reached XP level 3. HP: 18/20 MP: 4/4
   743 | D:2      | Found a blossoming altar of Fedhas.
   750 | D:2      | Found a stormy altar of Qazlal.
   946 | D:3      | Reached skill level 3 in Axes
   983 | D:3      | Reached XP level 4. HP: 22/25 MP: 5/5
  1092 | D:3      | Found a glowing golden altar of the Shining One.
  1092 | D:3      | Found a sacrificial altar of Ru.
  1168 | D:4      | Noticed a phantom
  1168 | D:4      | Noticed an ogre
  1211 | D:3      | Reached skill level 4 in Axes
  1211 | D:3      | Reached XP level 5. HP: 11/28 MP: 6/6
  1229 | D:3      | Slain by an orc

Vault maps used:
D:1:      matt_arrival_refuge
D:2:      grunt_temple_overflow_forces_of_nature
D:3:      gammafunk_temple_overflow_statue, kennysheep_cross_bottleneck,
          grunt_ministairs_8
D:4:      lemuel_doored_altar, lemuel_coloured_pillars_altar, first_bread,
          gup_sewer_entry_bubbles, hangedman_abyss_or_decor_passed,
          uniq_eustachio, uniq_menkaure, uniq_crazy_yiuf_cottage

Skill      XL: |  1  2  3  4 |
---------------+-------------+-----
Axes           | 1 2 3 4 |  4.0
Fighting       | |  3.6
Armour         | |  2.4
Stealth        | |  3.6

Action                   |  1- 3 |  4- 6 || total
-------------------------+-------+-------++-------
Melee: Dagger            |    92 |    45 ||   137
 Stab: Sleeping          |     2 |       ||     2
  Eat: Chunk             |       |     1 ||     1
